 Dungeon Crawl Stone Soup version 0.28.0-47-ge53b351184 (webtiles) character file.

Game seed: 5479207797761619052

3 CryoSword the Vexing (level 1, 0/10 HPs)
             Began as a Vampire Enchanter on May 8, 2022.
             Slain by a kobold
             ... wielding a +0 short sword
              (1 damage)
             ... on level 1 of the Dungeon.
             The game lasted 00:00:34 (221 turns).

CryoSword the Vexing (Vampire Enchanter)             Turns: 221, Time: 00:00:35

Health: 0/10       AC:  2    Str:  7    XL:     1   Next: 41%
Magic:  3/3        EV: 12    Int: 17    God:
Gold:   0          SH:  0    Dex: 14    Spells: 4/4 levels left

rFire   . . .      SeeInvis +   a - +1 dagger
rCold   + + .      Faith    .   (no shield)
rNeg    + + +      Spirit   .   b - +0 robe
rPois   ∞          Reflect  .   (no helmet)
rElec   .          Harm     .   (no cloak)
rCorr   .          Rampage  .   (no gloves)
Will    .....                   (no boots)
Stlth   +++++.....              (no amulet)
HPRegen 0.00/turn               (no ring)
MPRegen 0.08/turn               (no ring)

@: bloodless, inhibited regen
A: bloodless, fangs 3, see invisible, vampiric 1
a: Revivify


You were on level 1 of the Dungeon.
You visited 1 branch of the dungeon, and saw 1 of its levels.

Inventory:

Hand Weapons
 a - a +1 dagger (weapon)
Armour
 b - a +0 robe (worn)
Potions
 c - a potion of invisibility


   Skills:
 + Level 0.0 Fighting
 * Level 1.2 Short Blades
 + Level 2.2 Dodging
 + Level 4.4 Stealth
 + Level 2.0 Spellcasting
 * Level 4.4 Hexes
 * Level 0.2 Ice Magic


You had 4 spell levels left.
You didn't know any spells.
Your spell library contained the following spells:

 Spells                   Type           Power      Damage    Failure   Level
 Confusing Touch          Hex            16%        N/A       10%         3
 Tukima's Dance           Hex            16%        N/A       10%         3
 Ensorcelled Hibernation  Hex/Ice        18%        N/A       11%         2
 Dazzling Flash           Conj/Hex       18%        N/A       24%         3


Dungeon Overview and Level Annotations

Branches:
Dungeon (1/15)

Altars:


Innate Abilities, Weirdness & Mutations

You do not regenerate when monsters are visible.
You are frail without blood (-20% HP).
You can heal yourself when you bite living creatures.
You are immune to poison.
You have razor-sharp teeth.
You have supernaturally acute eyesight. (SInv)
You are afflicted with vampirism.


Message History

Welcome, CryoSword the Vampire Enchanter.
It is said that the Orb of Zot exists deep within this dungeon.
Found a staircase leading out of the dungeon.
You open the large door.
Okay, then.
Okay, then.
Unknown command.
You begin bloodletting.
You continue bloodletting. x5
You become bloodless.
There is a large open door, spattered with blood here.
Could not explore, unopened door.
You open the large door.
There is a large open door here.
Could not explore, unopened door.
You open the large door.
Found 21 arrows.
Found a stone staircase leading down.
There is a large open door here.
A bat comes into view.
A bat is nearby!
The helpless bat fails to defend itself.
You bite the bat, and draw its blood! You puncture the bat!
You kill the bat!
No target in view!
A kobold comes into view. It is wielding a +0 short sword.
A kobold is nearby!
A kobold is nearby!
An endoplasm comes into view.
The kobold shouts!
The kobold hits you with a +0 short sword.
You hit the kobold. The kobold hits you but does no damage.
You hit the kobold but do no damage. You completely miss the kobold.
The kobold completely misses you.
You hit the kobold.
The kobold hits you with a +0 short sword.
You are too injured to fight recklessly!
You are too injured to fight recklessly!
The kobold hits you with a +0 short sword.
The kobold throws a stone.
The stone hits you but does no damage.
The kobold throws a stone.
The stone hits you but does no damage.
The kobold throws a stone.
The stone hits you but does no damage.
There is a large open door here.
There is a large open door here.
You close the large door.
You start resting.
You open the large door.
There is a large open door here.
There is a large open door here.
A kobold comes into view. It is wielding a +0 dagger.
A kobold is nearby!
The kobold shouts!
The endoplasm quivers.
A frilled lizard comes into view.
The kobold barely misses you.
The frilled lizard hisses angrily.
You hit the kobold.
You kill the kobold!
You hit the kobold but do no damage. The kobold closely misses you.
You barely miss the frilled lizard. The frilled lizard bites you.
You hit the frilled lizard but do no damage.
The frilled lizard bites you.
* * * LOW HITPOINT WARNING * * *
You hit the frilled lizard.
You bite the frilled lizard, but do no damage.
The frilled lizard bites you.
* * * LOW HITPOINT WARNING * * *
You closely miss the frilled lizard.
The frilled lizard completely misses you.
You closely miss the frilled lizard. Your bite misses the frilled lizard.
The frilled lizard misses you.
You miss the frilled lizard. The frilled lizard closely misses you.
You hit the frilled lizard.
You kill the frilled lizard!
You hit the endoplasm. The endoplasm hits you.
* * * LOW HITPOINT WARNING * * *
You hit the endoplasm.
You kill the endoplasm!
You closely miss the kobold.
The kobold hits you with a +0 short sword.
You die...

######### ####
##########.......# ...#
##.......##.......#
...#####>.......@K.......+ .
......##........##.......###..
†.............####.....?......
........(.....# #............
##............# #####......#
#............# #.....).....#
#...####''#..###.....##.#.##
#...# #..##..##......#.# #
########''###..#......# .


You could see a kobold.

Vanquished Creatures
  An endoplasm (D:1)
  A bat (D:1)
  A frilled lizard (D:1)
  A kobold (D:1)
4 creatures vanquished.

Notes
Turn   | Place    | Note
-------+----------+-------------------------------------------
     0 | D:1      | CryoSword the Vampire Enchanter began the quest for the
                  | Orb.
     0 | D:1      | Reached XP level 1. HP: 13/13 MP: 3/3
   221 | D:1      | Slain by a kobold

Illustrated notes

Levels and vault maps discovered:
D:1:      lightli_arrival_lavapool, layout_basic, grunt_decor_fettered,
          nrook_mini_backslash, minmay_unequal

Action                   || total
-------------------------++-------
Melee: Dagger            ||    17
       Bite              ||     1
 Abil: Exsanguinate      ||     1
 Stab: Sleeping          ||     1
Armor: Robe              ||     4
Dodge: Dodged            ||     6
